 Dungeon Crawl Stone Soup version 0.27-a0-1177-g245c70e1c0 (webtiles) character file.

Game seed: 11039983437907701922

11491 Zonian the Destroyer (level 11, -22/74 HPs)
             Began as a Gnoll Conjurer on May 16, 2021.
             Was a Believer of Hepliaklqana.
             Killed from afar by a ynoxinul (34 damage)
             ... with an iron shot
             ... on level 2 of the Abyss.
             The game lasted 00:39:52 (20281 turns).

Zonian the Destroyer (Gnoll Conjurer)              Turns: 20281, Time: 00:39:53

Health: -22/74     AC: 11    Str:  6    XL:     11   Next: 78%
Magic:  0/23       EV: 12    Int: 20    God:    Hepliaklqana [**....]
Gold:   625        SH:  5    Dex: 12    Spells: 18/26 levels left

rFire    . . .     SeeInvis +   j - +4 dagger (elec)
rCold    . . .     Faith    .   I - +0 buckler
rNeg     . . .     Spirit   +   K - +0 ring mail
rPois    .         Reflect  .   s - +1 helmet
rElec    +         Harm     .   G - +0 cloak
rCorr    .         Rampage  .   (no gloves)
Will     .....                  e - +0 pair of boots of Agujei {Drain Fly rElec Slay+5}
Stlth    +++.......             F - amulet of guardian spirit
HPRegen  0.22/turn              d - ring of see invisible
MPRegen  0.18/turn              (no ring)

@: flying
A: reduced essence, fangs 1, strong nose, distributed training
a: Renounce Religion, Recall Ancestor, Ancestor Identity


You were on level 2 of the Abyss.
You worshipped Hepliaklqana.
Hepliaklqana was pleased with you.
You visited 2 branches of the dungeon, and saw 11 of its levels.
You visited the Abyss 1 time.
You also visited: Bailey.

You collected 625 gold pieces.

Inventory:

Hand Weapons
 f - a +0 antimagic flail
 h - a +0 dagger
 j - a +4 dagger of electrocution (weapon)
 v - a +1 spear
 w - a +0 falchion
 A - a +4 scimitar
 B - a +0 vorpal hand axe
 H - a +3 quarterstaff of chaos
 O - a +2 vorpal war axe
 Q - a +3 dagger of venom
 R - a +1 war axe of pain
Missiles
 n - 67 poisoned darts
 r - 7 curare-tipped darts
 E - 76 sling bullets
 N - 7 throwing nets
Armour
 a - a +0 robe
 b - a +0 pair of boots
 c - a +0 scale mail
 e - the +0 pair of boots of Agujei (worn) {Drain Fly rElec Slay+5}
   (You acquired it on level 4 of the Dungeon)

   It affects your accuracy and damage with ranged weapons and melee attacks
   (+5).
   It insulates you from electricity.
   It grants you flight.
   It drains your maximum health when unequipped.
 s - a +1 helmet (worn)
 z - a +0 leather armour
 G - a +0 cloak (worn)
 I - a +0 buckler (worn)
 K - a +0 ring mail (worn)
Jewellery
 d - a ring of see invisible (left hand)
 m - a ring of protection from cold
 q - an amulet of magic regeneration
 x - a ring of fire
 y - a ring of protection from fire
 F - an amulet of guardian spirit (around neck)
Wands
 o - a wand of polymorph (15)
 t - a wand of digging (10)
 u - a wand of flame (17)
 V - a wand of iceblast (9)
Scrolls
 C - 2 scrolls of identify
 D - a scroll of immolation
 L - 3 scrolls of teleportation
 M - a scroll of magic mapping
 S - a scroll of vulnerability
 U - a scroll of silence
Potions
 g - a potion of curing
 i - a potion of resistance
 k - a potion of invisibility
 l - 3 potions of attraction
 p - 3 potions of lignification
 J - a potion of magic
 P - 3 potions of flight
Miscellaneous
 T - a lightning rod (4/4)


   Skills:
 + Level 6.6 Fighting
 + Level 6.6 Short Blades
 + Level 6.6 Long Blades
 + Level 6.6 Axes
 + Level 6.6 Maces & Flails
 + Level 6.6 Polearms
 + Level 6.6 Staves
 + Level 6.6 Slings
 + Level 6.6 Bows
 + Level 6.6 Crossbows
 + Level 6.6 Throwing
 + Level 6.6 Armour
 + Level 8.1 Dodging
 + Level 7.9 Stealth
 + Level 6.6 Shields
 + Level 6.6 Unarmed Combat
 + Level 8.4 Spellcasting
 + Level 9.1 Conjurations
 + Level 5.5 Hexes
 + Level 5.5 Summonings
 + Level 5.5 Necromancy
 + Level 5.5 Translocations
 + Level 5.5 Transmutations
 + Level 5.5 Fire Magic
 + Level 5.5 Ice Magic
 + Level 5.5 Air Magic
 + Level 5.5 Earth Magic
 + Level 5.5 Poison Magic
 + Level 7.2 Invocations
 + Level 6.6 Evocations


You had 18 spell levels left.
You knew the following spells:

 Your Spells              Type           Power      Damage    Failure   Level
a - Magic Dart            Conj           100%       1d8       1%          1
b - Searing Ray           Conj           88%        3d6       1%          2
c - Dazzling Flash        Conj/Hex       74%        N/A       4%          3
d - Ensorcelled Hibernat  Hex/Ice        60%        N/A       4%          2

Your spell library contained the following spells:

 Spells                   Type           Power      Damage    Failure   Level
 Fulminant Prism          Conj/Hex       18%        3d11      14%         4
 Iskenderun's Mystic Bla  Conj/Tloc      37%        2d9       14%         4


Dungeon Overview and Level Annotations

Branches:
Dungeon (10/15)            Temple (1/1) D:6            Lair (0/6) D:9
    Orc (0/2) D:9          Bailey (visited)

Altars:
Ashenzari
Cheibriados
Dithmenos
Elyvilon
Fedhas
Gozag
Hepliaklqana
Kikubaaqudgha
Makhleb
Nemelex Xobeh
Okawaru
Qazlal
Ru
Sif Muna
Trog
Uskayaw
Vehumet
Wu Jian
Xom
Yredelemnul
Zin
The Shining One

Shops:
D:1 (

Annotations:
D:7 Dowan, Duvessa


Innate Abilities, Weirdness & Mutations

Your life essence is reduced to manifest your ancestor. (-10% HP)
You have very sharp teeth.
Your uncanny sense of smell can sniff out nearby items.
Your experience applies equally to all skills.


Message History

The smoke demon gestures at you. Something smites you!
* * * LOW HITPOINT WARNING * * *
The ynoxinul closely misses you.
Unknown command.
The searing ray hits the smoke demon!
You kill the smoke demon!
The ynoxinul barely misses you.
The ufetubus hits you but does no damage.
The ufetubus barely misses you.
Unknown command.
Casting: Searing Ray (safe; 1% risk of failure)
Confirm with . or Enter, or press ? or * to list all spells.
Aiming: Searing Ray (safe; 1% risk of failure)
Press: ? - help, Shift-Dir - straight line, f - ynoxinul
Aim: a ynoxinul (moderately wounded, 82% to hit)
The searing ray hits the ynoxinul!
The ynoxinul is severely wounded. (Press . to maintain the ray.)
The ynoxinul gestures at you. The iron shot hits you!
* * * LOW HITPOINT WARNING * * *
You block the ufetubus's attack.
The ufetubus hits you but does no damage.
Okay, then.
Casting: Searing Ray (safe; 1% risk of failure)
Confirm with . or Enter, or press ? or * to list all spells.
Aiming: Magic Dart (safe; 1% risk of failure)
Press: ? - help, Shift-Dir - straight line, f/p - ynoxinul
Aim: a ynoxinul (severely wounded, 100% to hit)
The magic dart hits the ynoxinul but does no damage.
The ynoxinul is severely wounded.
The ufetubus closely misses you. The ufetubus barely misses you.
The ynoxinul misses you. The ufetubus misses you.
The ufetubus hits you but does no damage.
You puncture the ynoxinul!
The ynoxinul is almost dead.
The ynoxinul gestures at you. The iron shot hits you!!
You die...

# $# .
. #
#### .
#..
.#.. #
. . .
..#..#
.. #
..#.# #
...#
#.##.#
#
#.3@##
# # .#
#.5## ∆
.
###.#R#
# #
...###
####
... .
#. # .
...
#..# .
. .


You could see a ynoxinul and an ufetubus (summoned).

Vanquished Creatures
  A sixfirhy (Abyss:2)
  Pikel (D:7)
  A worldbinder (Abyss:2)
  A smoke demon (Abyss:2)
  Prince Ribbit (D:9)
  A redback (D:8)
  2 basilisks (D:9)
  5 wyverns
  11 yaks
  6 steam dragons
  3 water moccasins
  3 orc warriors
  3 sky beasts (D:6)
  A necrophage (D:7)
  A hornet zombie (D:7)
  An ogre (D:6)
  7 centaurs
  A kobold brigand (D:8)
  5 bullfrogs
  6 gnoll sergeants
  A water moccasin skeleton (D:6)
  8 killer bees
  A howler monkey (D:8)
  7 wights
  2 centaur zombies
  2 bullfrog zombies (D:5)
  4 orc priests
  2 hounds
  Crazy Yiuf (D:7)
  5 gnoll shamans (Bailey)
  5 iguanas
  9 orc wizards
  A hound skeleton (D:4)
  2 howler monkey zombies (D:8)
  14 gnolls
  5 adders
  A shadow imp (D:8)
  A dart slug (D:3)
  A worm (D:2)
  22 orcs
  9 ball pythons
  2 bats (D:2)
  An endoplasm (D:3)
  5 giant cockroaches
  5 goblins
  7 hobgoblins
  8 jackals
  2 quokkas
  4 frilled lizards
  7 kobolds
  4 rats
209 creatures vanquished.

Vanquished Creatures (collateral kills)
  A kobold demonologist (D:9)
  A shadow (D:10)
  A wyvern (D:9)
  A steam dragon (D:8)
  A water moccasin (D:9)
  2 orc warriors
  A sky beast (D:8)
  4 gnoll sergeants (Bailey)
  A killer bee (D:9)
  A wight (D:9)
  A hound (Bailey)
  2 orc priests (D:10)
  A gnoll shaman (Bailey)
  6 gnolls
  2 orcs
  2 kobolds (D:8)
28 creatures vanquished.

Vanquished Creatures (others)
  2 knights
  5 ancestors
  2 orcs (D:8)
  3 fungi (D:9)
  30 plants
  A withered plant (D:7)
43 creatures vanquished.

Grand Total: 280 creatures vanquished

Notes
Turn   | Place    | Note
-------+----------+-------------------------------------------
     0 | D:1      | Zonian the Gnoll Conjurer began the quest for the Orb.
     0 | D:1      | Reached XP level 1. HP: 13/13 MP: 6/6
   313 | D:1      | Reached XP level 2. HP: 19/19 MP: 5/7
   495 | D:1      | Found Ypiut's Weapon Boutique.
  1098 | D:2      | Reached XP level 3. HP: 24/25 MP: 1/9
  1168 | D:2      | Learned a level 2 spell: Searing Ray
  1194 | D:2      | Reached skill level 5 in Spellcasting
  1518 | D:2      | Reached skill level 1 in Invocations
  1815 | D:2      | Found a sacrificial altar of Ru.
  2350 | D:3      | Reached skill level 1 in Fighting
  2350 | D:3      | Reached skill level 1 in Short Blades
  2350 | D:3      | Reached skill level 1 in Long Blades
  2350 | D:3      | Reached skill level 1 in Axes
  2350 | D:3      | Reached skill level 1 in Maces & Flails
  2350 | D:3      | Reached skill level 1 in Polearms
  2350 | D:3      | Reached skill level 1 in Staves
  2350 | D:3      | Reached skill level 1 in Slings
  2350 | D:3      | Reached skill level 1 in Bows
  2350 | D:3      | Reached skill level 1 in Crossbows
  2350 | D:3      | Reached skill level 1 in Throwing
  2350 | D:3      | Reached skill level 1 in Armour
  2350 | D:3      | Reached skill level 1 in Shields
  2350 | D:3      | Reached skill level 1 in Unarmed Combat
  2350 | D:3      | Reached skill level 1 in Evocations
  2475 | D:3      | Reached XP level 4. HP: 32/32 MP: 8/11
  2825 | D:3      | Reached skill level 1 in Hexes
  2825 | D:3      | Reached skill level 1 in Summonings
  2825 | D:3      | Reached skill level 1 in Necromancy
  2825 | D:3      | Reached skill level 1 in Translocations
  2825 | D:3      | Reached skill level 1 in Transmutations
  2825 | D:3      | Reached skill level 1 in Fire Magic
  2825 | D:3      | Reached skill level 1 in Ice Magic
  2825 | D:3      | Reached skill level 1 in Air Magic
  2825 | D:3      | Reached skill level 1 in Earth Magic
  2825 | D:3      | Reached skill level 1 in Poison Magic
  3686 | D:3      | Reached XP level 5. HP: 37/37 MP: 4/12
  4155 | D:3      | Found a faded altar of an unknown god.
  4415 | D:4      | Noticed an orc warrior
  5284 | D:4      | Identified a scroll of acquirement
  5284 | D:4      | Acquired the +0 pair of boots of Agujei {Drain Fly rElec
                  | Slay+5}
  5579 | D:4      | Found a bloodstained altar of Trog.
  5741 | D:4      | Found a shimmering blue altar of Sif Muna.
  5744 | D:4      | Identified Sif Muna's Guide on Beguiling
  5766 | D:4      | Learned a level 3 spell: Dazzling Flash
  6008 | D:4      | Found a glowing golden altar of the Shining One.
  6111 | D:5      | Entered Level 5 of the Dungeon
  6124 | D:5      | Reached XP level 6. HP: 32/44 MP: 9/13
  6536 | D:5      | Reached skill level 5 in Dodging
  7211 | D:6      | Found an ornate altar of the Wu Jian Council.
  7216 | D:6      | Noticed a spectral centipede
  7216 | D:6      | Noticed a spectral black mamba
  7216 | D:6      | Noticed a spectral cane toad
  7314 | D:6      | Reached XP level 7. HP: 49/50 MP: 10/15
  7976 | D:6      | Found a stormy altar of Qazlal.
  8046 | D:6      | Reached skill level 5 in Stealth
  8292 | D:6      | Reached XP level 8. HP: 43/57 MP: 13/16
  8568 | D:6      | Found a staircase to the Ecumenical Temple.
  8580 | Temple   | Entered the Ecumenical Temple
  8624 | Temple   | Became a worshipper of Hepliaklqana the Forgotten
  8737 | D:7      | Found an opulent altar of Gozag.
  8750 | D:7      | Noticed Duvessa
  9056 | D:7      | Noticed Dowan
  9170 | D:7      | Found a basalt altar of Yredelemnul.
  9171 | D:7      | Noticed a yak
  9171 | D:7      | Noticed a yak
  9184 | D:7      | Killed a yak
  9318 | D:7      | Noticed a yak
  9341 | D:7      | Found a burning altar of Makhleb.
  9341 | D:7      | Found a sparkling altar of Nemelex Xobeh.
  9348 | D:7      | Killed a yak
  9351 | D:7      | Killed a yak
  9352 | D:7      | Reached XP level 9. HP: 61/65 MP: 14/18
  9802 | D:7      | Noticed Pikel
  9828 | D:7      | Killed Pikel
  9829 | D:7      | Reached skill level 8 in Conjurations
 10261 | D:7      | Found a runed translucent door.
 10262 | D:7      | Noticed Crazy Yiuf
 10271 | D:7      | Killed Crazy Yiuf
 10316 | D:8      | Reached * piety under Hepliaklqana
 10815 | D:8      | Reached skill level 5 in Invocations
 11442 | D:8      | Noticed a two-headed ogre
 11444 | D:8      | a two-headed ogre changed into a redback
 11485 | D:8      | Reached XP level 10. HP: 63/73 MP: 14/20
 11609 | D:8      | Reached skill level 5 in Fighting
 11609 | D:8      | Reached skill level 5 in Short Blades
 11609 | D:8      | Reached skill level 5 in Long Blades
 11609 | D:8      | Reached skill level 5 in Axes
 11609 | D:8      | Reached skill level 5 in Maces & Flails
 11609 | D:8      | Reached skill level 5 in Polearms
 11609 | D:8      | Reached skill level 5 in Staves
 11609 | D:8      | Reached skill level 5 in Slings
 11609 | D:8      | Reached skill level 5 in Bows
 11609 | D:8      | Reached skill level 5 in Crossbows
 11609 | D:8      | Reached skill level 5 in Throwing
 11609 | D:8      | Reached skill level 5 in Armour
 11609 | D:8      | Reached skill level 5 in Shields
 11609 | D:8      | Reached skill level 5 in Unarmed Combat
 11609 | D:8      | Reached skill level 5 in Evocations
 11616 | D:8      | Noticed a gargoyle
 12230 | D:8      | Found a white marble altar of Elyvilon.
 12240 | D:8      | Found a shimmering altar of Xom.
 12241 | D:8      | Found a sacrificial altar of Ru.
 14404 | D:9      | Found a staircase to the Orcish Mines.
 14828 | D:8      | Learned a level 2 spell: Ensorcelled Hibernation
 15716 | D:9      | Reached XP level 11. HP: 72/72 MP: 15/22
 16560 | D:9      | Reached skill level 5 in Hexes
 16560 | D:9      | Reached skill level 5 in Summonings
 16560 | D:9      | Reached skill level 5 in Necromancy
 16560 | D:9      | Reached skill level 5 in Translocations
 16560 | D:9      | Reached skill level 5 in Transmutations
 16560 | D:9      | Reached skill level 5 in Fire Magic
 16560 | D:9      | Reached skill level 5 in Ice Magic
 16560 | D:9      | Reached skill level 5 in Air Magic
 16560 | D:9      | Reached skill level 5 in Earth Magic
 16560 | D:9      | Reached skill level 5 in Poison Magic
 16715 | D:9      | Found a staircase to the Lair.
 17102 | D:9      | Found a broken altar of Ashenzari.
 17131 | D:9      | Reached ** piety under Hepliaklqana
 17132 | D:9      | Remembered your ancestor I'M BATMAN as a knight
 17175 | D:9      | Noticed Prince Ribbit
 17183 | D:9      | Killed Prince Ribbit
 17486 | D:10     | Entered Level 10 of the Dungeon
 17668 | D:10     | Found a flagged portal.
 17679 | Bailey   | Entered a bailey
 19632 | D:10     | Reached skill level 9 in Conjurations
 19985 | D:10     | Noticed a wizard
 19987 | D:10     | Cast into level 2 of the Abyss (a wizard)
 20173 | Abyss:2  | Noticed a sixfirhy
 20178 | Abyss:2  | Noticed a worldbinder
 20181 | Abyss:2  | Noticed a manticore
 20187 | Abyss:2  | Killed a worldbinder
 20194 | Abyss:2  | Noticed a rakshasa
 20195 | Abyss:2  | Killed a sixfirhy
 20207 | Abyss:2  | Noticed a wretched star
 20281 | Abyss:2  | Killed from afar by a ynoxinul

Illustrated notes

Levels and vault maps discovered:
D:1:      minmay_arrival_four_circles, layout_loops_ring, serial_shops, shop,
          minmay_indecisive_spiral
D:2:      layout_basic, basic_altar
D:3:      layout_basic, shapermc_ecumenical_altar_mp_urbaneastern, st_stairs_9
D:4:      layout_loops_ring, nzn_overflow_gifts_of_might_and_magic,
          nicolae_tso_swordbearing_angel
D:5:      layout_rooms
D:6:      layout_loops_cross, pdpol_wu_jian_five_deadly_venoms,
          overflow_temple_1_default, temple_green, kennysheep_cluttered_room
D:7:      layout_gridville, yredelemnul_altar_generic, grunt_gozag_statues,
          gammafunk_temple_overflow_elements, nicolae_underground_beach,
          uniq_pikel, uniq_crazy_yiuf_cottage, uniq_duvessa
D:8:      nzn_winding_woodlands_medium [nzn_winding_woodlands_5x5_three,
          nzn_winding_woodlands_5x15_parted,
          nzn_winding_woodlands_5x5_open_star, nzn_winding_woodlands_hourglass,
          nzn_winding_woodlands_center_garden,
          nzn_winding_woodlands_5x5_perimeter,
          nzn_winding_woodlands_5x5_default, nzn_winding_woodlands_5x15_crooked,
          nzn_winding_woodlands_5x5_cross], layout_cave_pods,
          chequers_temple_overflow_statue_of_worship
D:9:      layout_irregular_city, lemuel_doored_altar, minmay_lair_entry_grove,
          orc_0_dummy, uniq_prince_ribbit1
D:10:     layout_basic, serial_shops, shop, enter_bailey_2, grunt_decor_clamped,
          laboratory
Temple:   jpeg_temple_island
Abyss:2:  base:
D:3

Skill      XL: |  1  2  3  4  5  6  7  8  9 10 11 |
---------------+----------------------------------+-----
Spellcasting   | 5 6 7 8 |  8.4
Invocations    | 1 2 3 4 5 6 7 |  7.2
Fighting       | 1 2 3 4 5 6 |  6.6
Short Blades   | 1 2 3 4 5 6 |  6.6
Long Blades    | 1 2 3 4 5 6 |  6.6
Axes           | 1 2 3 4 5 6 |  6.6
Maces & Flails | 1 2 3 4 5 6 |  6.6
Polearms       | 1 2 3 4 5 6 |  6.6
Staves         | 1 2 3 4 5 6 |  6.6
Slings         | 1 2 3 4 5 6 |  6.6
Bows           | 1 2 3 4 5 6 |  6.6
Crossbows      | 1 2 3 4 5 6 |  6.6
Throwing       | 1 2 3 4 5 6 |  6.6
Armour         | 1 2 3 4 5 6 |  6.6
Shields        | 1 2 3 4 5 6 |  6.6
Unarmed Combat | 1 2 3 4 5 6 |  6.6
Evocations     | 1 2 3 4 5 6 |  6.6
Hexes          | 1 2 3 4 5 |  5.5
Summonings     | 1 2 3 4 5 |  5.5
Necromancy     | 1 2 3 4 5 |  5.5
Translocations | 1 2 3 4 5 |  5.5
Transmutations | 1 2 3 4 5 |  5.5
Fire Magic     | 1 2 3 4 5 |  5.5
Ice Magic      | 1 2 3 4 5 |  5.5
Air Magic      | 1 2 3 4 5 |  5.5
Earth Magic    | 1 2 3 4 5 |  5.5
Poison Magic   | 1 2 3 4 5 |  5.5
Dodging        | 5 6 7 8 |  8.1
Stealth        | 5 6 7 |  7.9
Conjurations   | 8 9 |  9.1

Action                   |  1- 3 |  4- 6 |  7- 9 | 10-12 || total
-------------------------+-------+-------+-------+-------++-------
Melee: Dagger            |       |    34 |    44 |    92 ||   170
       Spear             |       |     5 |       |       ||     5
       Bite              |       |     3 |     4 |     9 ||    16
       Punch             |       |     1 |     1 |       ||     2
Throw: Dart              |       |       |       |     3 ||     3
 Cast: Magic Dart        |    69 |    88 |    80 |   259 ||   496
       Searing Ray       |       |     5 |    22 |    47 ||    74
Invok: Ancestor Identity |       |       |     1 |       ||     1
       Recall Ancestor   |       |       |       |     1 ||     1
       Ancestor Life: Kn |       |       |       |     1 ||     1
Evoke: Wand              |       |       |     6 |       ||     6
  Use: Scroll            |     1 |    11 |     6 |     7 ||    25
       Potion            |       |     1 |       |     4 ||     5
 Stab: Sleeping          |       |     2 |     2 |     1 ||     5
       Distracted        |       |       |       |     1 ||     1
Armor: Robe              |     2 |    15 |       |       ||    17
       Leather armour    |       |       |    16 |    17 ||    33
       Ring mail         |       |       |       |    61 ||    61
Dodge: Dodged            |     1 |    31 |    52 |   110 ||   194
Block: Buckler           |       |       |       |    41 ||    41

Table legend: (Time is in decaauts)
 A = Elapsed time spent in this place.
 B = Non-inter-level travel time spent in this place.
 C = Inter-level travel time spent in this place.
 D = Time resting spent in this place.
 E = Time spent auto-exploring this place.
 F = Levels seen in this place.
 G = Mean time per level.
                   A        B        C        D        E       F      G
               +--------+--------+--------+--------+--------+-----+--------+
         Total |  20247 |  19641 |    606 |  10922 |   5591 |  13 | 1557.5 |
       Dungeon |  18287 |  17717 |    570 |   9457 |   5552 |  10 | 1828.7 |
        Temple |     80 |     44 |     36 |      0 |     33 |   1 |   80.0 |
         Abyss |    289 |    289 |      0 |    187 |      0 |   1 |  289.0 |
        Bailey |   1590 |   1590 |      0 |   1278 |      6 |   1 | 1590.0 |
               +--------+--------+--------+--------+--------+-----+--------+

Top non-repeatable levels by time:
     D:8: 4745 daAuts
     D:9: 2181 daAuts
     D:3: 1997 daAuts
     D:7: 1815 daAuts
  Bailey: 1590 daAuts
     D:2: 1586 daAuts
     D:6: 1522 daAuts
     D:4: 1467 daAuts
     D:1: 1059 daAuts
     D:5: 1012 daAuts
    D:10: 899 daAuts
 Abyss:2: 289 daAuts
  Temple: 80 daAuts
